 Dungeon Crawl Stone Soup version 0.30-a0-509-gd016549fea (webtiles) character file.

Game seed: 4502853715116854090

155 avis the Chopper (level 5, -2/46 HPs)
             Began as a Hill Orc Monk on Dec 22, 2022.
             Slain by a water moccasin (5 damage)
             ... in a sewer.
             The game lasted 00:15:51 (2120 turns).

avis the Chopper (Hill Orc Monk)                    Turns: 2120, Time: 00:15:52

Health: -2/46      AC:  5    Str: 16    XL:     5   Next: 37%
Magic:  5/5        EV:  9    Int: 10    God:
Gold:   22         SH:  7    Dex: 13    Spells: 4/4 levels left

rFire   + . .      SeeInvis .    a - +0 hand axe
rCold   . . .      Faith    .    d - +0 kite shield
rNeg    . . .      Spirit   .    b - +0 ring mail {rF+}
rPois   .          Reflect  .    (no helmet)
rElec   .          Harm     .    (no cloak)
rCorr   .          Rampage  .    (no gloves)
Will    .....                    (no boots)
Stlth   +.........               (no amulet)
HPRegen 0.27/turn                (no ring)
MPRegen 0.09/turn                (no ring)

@: lethally poisoned (-2 -> -16)
A: no striking features
a: no special abilities


You were in a sewer.
You visited 1 branch of the dungeon, and saw 3 of its levels.
You also visited: Sewer.

You collected 143 gold pieces.
You spent 121 gold pieces at shops.

Inventory:

Hand Weapons
 a - a +0 hand axe (weapon)
 e - a +0 dagger
 f - a +0 sling
 k - a +1 antimagic dagger
Armour
 b - a +0 ring mail of fire resistance (worn)
 d - a +0 kite shield (worn)
Scrolls
 g - a scroll of poison {unknown}
 h - a scroll of identify {unknown}
 i - 2 scrolls of torment {unknown}
 o - a scroll of noise {unknown}
Potions
 l - a potion of brilliance {unknown}
 m - a potion of lignification {unknown}
 p - a potion of flight
 q - a potion of resistance {unknown}


   Skills:
 + Level 4.3 Fighting
 * Level 6.9 Axes
 - Level 2.4 Dodging
 - Level 1.5 Stealth
 + Level 1.6 Shields


You had 4 spell levels left.
You didn't know any spells.
Your spell library contained the following spells:

 Spells                   Type           Power      Damage    Failure   Level
 Freeze                   Ice            0%         1d3       94%         1
 Frozen Ramparts          Ice            0%         1d1       100%        3
 Hailstorm                Conj/Ice       0%         3d3       100%        3


Dungeon Overview and Level Annotations

Branches:
Dungeon (3/15)              Sewer (1/1)

Altars:

Shops:
D:2 !


Message History

The water moccasin bites you.
You feel much better. The water moccasin barely misses you.
You closely miss the water moccasin.
The water moccasin is lightly wounded.
The water moccasin bites you but does no damage.
You block the water moccasin's attack.
You miss the water moccasin.
The water moccasin is lightly wounded.
The water moccasin bites you.
You are poisoned.
The water moccasin poisons you!
You hit the water moccasin.
The water moccasin is moderately wounded.
You feel very sick. The water moccasin bites you! The water moccasin bites you.
You hit the water moccasin.
The water moccasin is moderately wounded.
You feel very sick. You block the water moccasin's attack.
The water moccasin bites you but does no damage.
You miss the water moccasin.
The water moccasin is moderately wounded.
You feel sick. The water moccasin bites you.
You hit the water moccasin but do no damage.
The water moccasin is moderately wounded.
You feel sick.
The water moccasin bites you but does no damage. x2
You barely miss the water moccasin.
The water moccasin is moderately wounded.
You feel sick. The water moccasin bites you.
* * * LOW HITPOINT WARNING * * *
You are lethally poisoned!
The water moccasin poisons you!
Okay, then.
You closely miss the water moccasin.
The water moccasin is moderately wounded.
* * * LOW HITPOINT WARNING * * *
You feel very sick. The water moccasin bites you.
You die...

#†# #.# #######
#.# ##.....## #.#
##...≈...#
#.#######...≈≈≈..†
#..........≈≈≈≈≈.†
#.#######...≈≈≈..†
#.# ##...≈...# #@#
##.....## #S#
####### ... .....
....... #.......#
#.......#
#..$($..#


You could see a water moccasin.

Vanquished Creatures
  A scorpion (D:3)
  3 adders
  A river rat (D:3)
  A worm (D:3)
  2 dart slugs
  8 ball pythons
  4 endoplasms
  3 giant cockroaches
  2 hobgoblins (D:1)
  A quokka (D:2)
  13 bats
  6 frilled lizards
  5 goblins
  5 kobolds
  8 rats
63 creatures vanquished.

Notes
Turn   | Place    | Note
-------+----------+-------------------------------------------
     0 | D:1      | avis the Hill Orc Monk began the quest for the Orb.
     0 | D:1      | Reached XP level 1. HP: 19/19 MP: 1/1
   176 | D:1      | Reached XP level 2. HP: 25/26 MP: 2/2
   348 | D:1      | Reached skill level 5 in Axes
   599 | D:1      | Reached XP level 3. HP: 31/31 MP: 3/3
   890 | D:2      | Found Cim Sai's Distillery.
  1000 | D:2      | Bought a potion of flight for 33 gold pieces
  1000 | D:2      | Bought a potion of curing for 33 gold pieces
  1230 | D:2      | Reached skill level 6 in Axes
  1521 | D:2      | Reached XP level 4. HP: 23/40 MP: 4/4
  1720 | D:2      | Bought a potion of heal wounds for 55 gold pieces
  1818 | D:3      | Noticed a scorpion
  1840 | D:3      | Killed a scorpion
  1841 | D:3      | Reached skill level 1 in Shields
  1841 | D:3      | Reached XP level 5. HP: 34/46 MP: 5/5
  2006 | D:3      | Found a glowing drain.
  2028 | Sewer    | Entered a sewer
  2092 | Sewer    | Noticed a water moccasin
  2120 | Sewer    | Slain by a water moccasin

Illustrated notes

Levels and vault maps discovered:
D:1:      heliophobic_arrival_ceremonial_halls, layout_rooms, hex_intersection,
          grunt_decor_arrowhead, minivault_27
D:2:      layout_loops_ring, serial_shops, nicolae_shop_advertising_works
          [nicolae_subvault_shop_adworks], corexii_leaking_fountain
D:3:      layout_loops_ring, portal_sewer_entry_b, minivault_5
Sewer:    sewer_big_baddie

Skill      XL: |  1  2  3  4 |
---------------+-------------+-----
Axes           | 5 6 |  6.9
Fighting       | 4 |  4.3
Shields        | 1 |  1.6
Dodging        | |  2.4
Stealth        | |  1.5

Action                   |  1- 3 |  4- 6 || total
-------------------------+-------+-------++-------
Melee: Hand axe          |   138 |   100 ||   238
Throw: Dart              |       |     4 ||     4
  Use: Potion            |       |     6 ||     6
 Stab: Sleeping          |     6 |       ||     6
Armor: Robe              |    22 |       ||    22
       Ring mail         |    21 |    54 ||    75
Dodge: Dodged            |    48 |    42 ||    90
Block: Kite shield       |    55 |    48 ||   103

Table legend: (Time is in decaauts)
 A = Elapsed time spent in this place.
 B = Non-inter-level travel time spent in this place.
 C = Inter-level travel time spent in this place.
 D = Time resting spent in this place.
 E = Time spent auto-exploring this place.
 F = Levels seen in this place.
 G = Mean time per level.
                   A        B        C        D        E       F      G
               +--------+--------+--------+--------+--------+-----+--------+
         Total |   2164 |   1918 |    246 |    196 |    902 |   4 |  541.0 |
       Dungeon |   2066 |   1820 |    246 |    196 |    902 |   3 |  688.7 |
         Sewer |     98 |     98 |      0 |      0 |      0 |   1 |   98.0 |
               +--------+--------+--------+--------+--------+-----+--------+

Top non-repeatable levels by time:
     D:2: 1002 daAuts
     D:1: 833 daAuts
     D:3: 231 daAuts
   Sewer: 98 daAuts
